Unix NetHack Version 5.0.0-0 post-release - last build May 17 2026 04:57:42 (dc50c8380fa5e20985bfe3072449f57b8d9895ef,branch:main).

Game began 2026-05-19 14:09:19, ended 2026-05-19 14:12:10.

GdeVolpiano, lawful male human Archeologist

                                                                      ------
                                                                      |....|
                                                  ----------##########.>...|
                                               ###.........|#         |....|
                ----------                     #  |.........##        |....|
                |.........#         ---------- #  ----------##        ----.-
               #-........|##########.........|###          ###           ##
               #|........|          |........|##                         #
            ####|........|          ..........#                         ##
            #   |.........          |........|##                  ---.--.---
            #   ----------          ----------                    |........|
           ##                                                     .........|
           #                                                      |...<....|
          ##                                                      |........|
 --+-----##                                                       |........|
 |....^^.#                                                        |........|
 |@d{..(|#                                                        ----------
 |.^....-
 --------

GdeVolpiano the Digger     St:8 Dx:8 Co:16 In:10 Wi:18 Ch:10  Lawful
Dlvl:2  $:17 HP:0(13) Pw:2(2) AC:9  Xp:1 T:436 

Latest messages:
 You are caught in a bear trap.
 You are caught in a bear trap.
 You finally wriggle free.
 You decipher the label on your scroll labeled HAPAX LEGOMENON.
 p - a scroll of amnesia.
 Your legs feel better.
 Really step into that bear trap? [yn] (n)
 #
 In what direction?
 You disarm the bear trap.
 In what direction?
 Loot in what direction?
 Never mind.
 A bear trap closes on your foot!
 You are caught in a bear trap.
 You are caught in a bear trap.
 You are caught in a bear trap.
 You are caught in a bear trap.
 You are caught in a bear trap.
 You are caught in a bear trap.
 You are caught in a bear trap.
 You are caught in a bear trap.
 You are caught in a bear trap.
 You are caught in a bear trap.
 You finally wriggle free.
 You see here a chest.
 In what direction?
 Hmmm, the chest turns out to be locked.
 #
 There is a locked chest here; force its lock? [ynq] (q)
 You start bashing it with your pick-axe.
 Your leg feels better.
 You stop forcing the lock.
 In what direction?
 Never mind.
 #
 You resume your attempt to force the lock.
 You succeed in forcing the lock.
 In what direction?
 You trigger a trap!
 But luckily the gas cloud blows away!
 In what direction?
 q - a tripe ration.
 r - a parchment spellbook.
 s - a yellow gem.
 t - a yellowish brown gem.
 What do you want to read? [npr or ?*]
 The book was coated with contact poison!
 You die...
 Do you want your possessions identified? [ynq] (y)

Inventory:
 Coins    ('$')
  $ - 17 gold pieces
 Weapons  (')')
  a - a blessed +2 bullwhip (alternate weapon; not wielded)
 Armor    ('[')
  c - an uncursed +0 fedora (being worn)
  b - an uncursed +0 leather jacket (being worn)
 Comestibles  ('%')
  k - an uncursed cram ration
  d - 3 uncursed food rations
  q - an uncursed tripe ration
  j - an uncursed lichen corpse
 Scrolls  ('?')
  p - a blessed scroll of amnesia
  n - an uncursed scroll of enchant weapon
 Spellbooks  ('+')
  r - an uncursed spellbook of polymorph
 Potions  ('!')
  l - an uncursed potion of healing
  m - a blessed potion of levitation
 Rings    ('=')
  i - an uncursed ring of conflict
 Tools    ('(')
  h - an empty uncursed sack
  e - a +0 pick-axe (weapon in right hand)
  f - a tinning kit (0:45)
 Gems/Stones  ('*')
  o - a cursed worthless piece of black glass
  s - an uncursed worthless piece of yellow glass
  t - an uncursed worthless piece of yellowish brown glass
  g - an uncursed touchstone

GdeVolpiano the Archeologist's attributes:

Background:
 You were a Digger, a level 1 male human Archeologist.
 You were lawful, on a mission for Quetzalcoatl
 who was opposed by Camaxtli (neutral) and Huhetotl (chaotic).
 You were right-handed.
 You were in the Dungeons of Doom, on level 2.
 You entered the dungeon 436 turns ago.
 There was a new moon in effect when your adventure ended.
 You had 19 experience points, 1 more was needed to attain level 2.

Basics:
 You had 0 out of 13 hit points.
 You had both energy points (spell power).
 Your armor class was 9.
 Your wallet contained 17 zorkmids.
 Autopickup was on for '$?!/="+' plus thrown, with exceptions.

Final Characteristics:
 Your strength was 8 (peak:13, limit:18/100).
 Your dexterity was 8 (limit:18).
 Your constitution was 16 (limit:18).
 Your intelligence was 10 (limit:18).
 Your wisdom was 18 (limit:18).
 Your charisma was 10 (limit:18).

Final Status:
 You weren't hungry.
 You were unencumbered.
 You were wielding a pick-axe.
 You had basic skill with pick-axe.

Final Attributes:
 You were fervently aligned.
 You had automatic searching.
 You were lucky.
 You are dead.

Miscellaneous:
 You didn't encounter any bones levels.
 Total elapsed playing time was 2 minutes and 49 seconds.

Major events:
 Turn
    1: GdeVolpiano the lawful male human Archeologist entered the dungeon
  303: entered the Gnomish Mines
  436: killed by a contact-poisoned spellbook

You didn't know any spells.

Skills:
 Fighting Skills
   bare handed combat [Unskilled]
   two weapon combat  [Unskilled]
   riding             [Unskilled]
 Weapon Skills
   dagger             [Unskilled]
   knife              [Unskilled]
   pick-axe           [Basic]
   short sword        [Unskilled]
   saber              [Unskilled]
   club               [Unskilled]
   quarterstaff       [Unskilled]
   sling              [Unskilled]
   dart               [Unskilled]
   boomerang          [Unskilled]
   whip               [Basic]
   unicorn horn       [Unskilled]
 Spellcasting Skills
   attack spells      [Unskilled]
   healing spells     [Unskilled]
   divination spells  [Unskilled]
   matter spells      [Unskilled]

Voluntary challenges:
 Character rerolling was not enabled.
 You were an atheist.
 You never genocided any monsters.
 You never polymorphed an object.
 You never changed form.
 You used no wishes.
Achievement:
 You entered the Gnomish Mines.

 The Dungeons of Doom: levels 1 to 2
    Level 1:
       A fountain, a grave.
    Level 2: <- You were here.
       A fountain.
       Stairs down to The Gnomish Mines.
       Final resting place for
          you, killed by a contact-poisoned spellbook.
 The Gnomish Mines:
    Level 3:


Vanquished creatures:
  a jackal
  a fox
  2 sewer rats
  2 grid bugs
  2 lichens
  3 newts
11 creatures vanquished.

No species were genocided or became extinct.

Game over:
                       ----------
                      /          \
                     /    REST    \
                    /      IN      \
                   /     PEACE      \
                  /                  \
                  |   GdeVolpiano    |
                  |      17 Au       |
                  |   killed by a    |
                  | contact-poisoned |
                  |    spellbook     |
                  |                  |
                  |       2026       |
                 *|     *  *  *      | *
        _________)/\\_//(\/(/\)/\//\/|_)_______

Goodbye GdeVolpiano the Archeologist...

You died in The Dungeons of Doom on dungeon level 2 with 192 points,
and 17 pieces of gold, after 436 moves.
You were level 1 with a maximum of 13 hit points when you died.

